 Dungeon Sprint DCSS version 0.21-a0-71-g5e5ddd2 (webtiles) character file.

13124 Kidiri the Martial Artist (level 11, -1/103 HPs)
             Began as a Pale Draconian Transmuter on June 19, 2017.
             Was the Champion of Wu Jian.
             Slain by a hellwing (4 damage)
             ... summoned by a kobold demonologist
             ... in the Dungeon (Sprint VII: "The Pits").
             The game lasted 00:12:23 (2619 turns).

Kidiri the Martial Artist (DrTm)                    Turns: 2619, Time: 00:12:23

Health: -1/103     AC:  7    Str: 13    XL:     11   Next: 71%
Magic:  24/26      EV: 25    Int: 14    God:    Wu Jian [******]
Gold:   0          SH:  0    Dex: 14    Spells: 19/32 levels left

rFire    . . .     SeeInvis .     - Unarmed
rCold    . . .     Gourm    .   (shield currently unavailable)
rNeg     . . .     Faith    .   (armour unavailable)
rPois    .         Spirit   .   (helmet restricted)
rElec    .         Reflect  .   (no cloak)
rCorr    .         Harm     .   (gloves currently unavailable)
MR       ++...     NoTele   +   (no boots)
Stlth    ++........             (no amulet)
HPRegen  0.27/turn              q - +3 ring of evasion
MPRegen  0.20/turn              r - +3 ring of evasion

@: blade hands, slowed, glowing, heavenly storm, very slow
A: breathe steam, unfitting armour, blurry vision 1, magic resistance 2,
cold-blooded, AC +7
a: Breathe Steam, End Transformation, Serpent's Lash, Heavenly Storm, Renounce
Religion


You were in the Dungeon.
You worshipped Wu Jian.
Wu Jian was exalted by your worship.
You were hungry.
You had blades for hands.
You visited 1 branch

Inventory:

Jewellery
 q - a +3 ring of evasion (left scythe-like blade)
 r - a +3 ring of evasion (right scythe-like blade)
Scrolls
 i - a scroll of blinking
 l - 3 scrolls of remove curse
 m - 5 scrolls of amnesia
 n - a scroll of summoning
Potions
 d - 6 potions of curing
 f - a potion of haste
 g - 4 potions of magic
 h - 4 potions of berserk rage
 k - 2 potions of invisibility
 s - 2 potions of brilliance
 t - 2 potions of might
Books
 b - a book of Changes

   Spells                             Type                      Level
   a - Beastly Appendage              Transmutation                1
   b - Sticks to Snakes               Transmutation                2
   c - Spider Form                    Transmutation/Poison         3
   d - Ice Form                       Ice/Transmutation            4
   e - Blade Hands                    Transmutation                5
Comestibles
 c - 8 bread rations
 o - 40 fruits
 p - 7 meat rations


   Skills:
 * Level 11.6 Fighting
 * Level 11.0 Dodging
 * Level 10.6 Stealth
 * Level 12.1 Unarmed Combat
 * Level 11.2 Spellcasting
 * Level 11.9 Transmutations
 + Level 7.2 Ice Magic
 + Level 8.3 Poison Magic


You had 19 spell levels left.
You knew the following spells:

 Your Spells              Type           Power        Failure   Level  Hunger
a - Beastly Appendage     Tmut           #####.       6%          1    None
b - Spider Form           Tmut/Pois      #####.....   11%         3    None
c - Ice Form              Ice/Tmut       ####....     21%         4    ###....
d - Blade Hands           Tmut           #####.....   21%         5    #####..


Dungeon Overview and Level Annotations

Branches:
Dungeon (1/1)

Altars:
Ashenzari
Cheibriados
Dithmenos
Elyvilon
Fedhas
Gozag
Hepliaklqana
Kikubaaqudgha
Makhleb
Nemelex Xobeh
Okawaru
Qazlal
Ru
Sif Muna
Trog
Uskayaw
Vehumet
Wu Jian
Xom
Yredelemnul
Zin
The Shining One
Beogh
Jiyva
Lugonu


Innate Abilities, Weirdness & Mutations

You can breathe blasts of scalding, opaque steam.
Your pale cyan-grey scales are hard. (AC +7)
You cannot fit into any form of body armour.
You are cold-blooded and may be slowed by cold attacks.
Scrolls take you a little longer to read.
You are highly resistant to hostile enchantments. (MR++)


Message History

The orange demon is moderately wounded.
You spin and attack the hellwing repeatedly.
You are feeling hungry.
You hit the hellwing. You slash the hellwing.
The hellwing is lightly wounded.
You hit the hellwing but do no damage. You tail-slap the hellwing!
You slash the hellwing!
The hellwing is heavily wounded.
A gnoll comes into view. It is wielding a flail.
The orange demon stings you.
* * * LOW HITPOINT WARNING * * *
The orange demon completely misses you.
The gnoll sergeant hits you with a spear of freezing!
* * * LOW HITPOINT WARNING * * *
You feel yourself slow down. The gnoll sergeant freezes you.
* * * LOW HITPOINT WARNING * * *
The gnoll completely misses you.
The kobold demonologist barely misses you.
The gnoll hits you but does no damage. The hellwing hits you.
You die...

### #### ########
######## ...###..+...#
.......+ .).##..##...###
....... #÷##..###...'.##
...... ([.....##...#..##
gg..#
#+###...##+##§§§###g§.###
..).##..#...#§§4#ggg....#
....)+..+...+§§§@4gg....#
))..##..#...#§§§#KKoK...#
#+###...##+##§§§###K).###
.......##...#..## K...#
#+##..###...+.## eo....#
...##..##...### K......
...###..+...# .......+
#### ######## ########


You could see an orange demon, a hellwing, a kobold demonologist, a big kobold,
a gnoll sergeant and 2 gnolls.

Vanquished Creatures
  A nagaraja (D)
  Josephine (D)
  A death knight (D)
  2 swamp dragons (D)
  An orc knight (D)
  2 deep elf magi (D)
  A manticore (D)
  A molten gargoyle (D)
  2 kobold demonologists (D)
  An ice devil (D)
  A demonic crawler (D)
  A hellwing (D)
  A tyrant leech (D)
  A polar bear (D)
  14 blink frogs (D)
  A water elemental (D)
  A ynoxinul (D)
  3 wraiths (D)
  A wyvern (D)
  3 yaks (D)
  A small abomination (D)
  A warg (D)
  3 vampire mosquitoes (D)
  A soldier ant (D)
  2 water moccasins (D)
  2 orc warriors (D)
  A sky beast (D)
  4 wolves (D)
  An ogre (D)
  2 bullfrogs (D)
  A quasit (D)
  2 orc priests (D)
  2 orc wizards (D)
  An adder (D)
  A river rat (D)
  An ooze (D)
  An adder zombie (D)
  An adder skeleton (D)
  A leopard gecko (D)
  6 orcs (D)
  A bat (D)
  A bat skeleton (D)
  2 giant cockroaches (D)
  2 kobolds (D)
  2 quokkas (D)
  A goblin (D)
  4 rats (D)
88 creatures vanquished.

Notes
Turn   | Place    | Note
-------+----------+-------------------------------------------
     0 | D        | Kidiri the Draconian Transmuter began the quest for the Orb.
     0 | D        | Reached XP level 1. HP: 16/16 MP: 3/3
    54 | D        | Found a bloodstained altar of Trog.
    54 | D        | Found a deep blue altar of Sif Muna.
    54 | D        | Found a viscous altar of Jiyva.
    54 | D        | Found a hazy altar of Hepliaklqana.
    54 | D        | Found an opulent altar of Gozag.
    55 | D        | Found a glowing golden altar of the Shining One.
    55 | D        | Found a glowing silver altar of Zin.
    55 | D        | Found a basalt altar of Yredelemnul.
    55 | D        | Found a shimmering altar of Xom.
    55 | D        | Found an ornate altar of the Wu Jian Council.
    55 | D        | Found a sacrificial altar of Ru.
    55 | D        | Found a stormy altar of Qazlal.
    55 | D        | Found an iron altar of Okawaru.
    55 | D        | Found a sparkling altar of Nemelex Xobeh.
    55 | D        | Found a burning altar of Makhleb.
    55 | D        | Found a blossoming altar of Fedhas.
    55 | D        | Found a white marble altar of Elyvilon.
    55 | D        | Found a shadowy altar of Dithmenos.
    55 | D        | Found a snail-covered altar of Cheibriados.
    57 | D        | Found a radiant altar of Vehumet.
    57 | D        | Found a corrupted altar of Lugonu.
    57 | D        | Found a roughly hewn altar of Beogh.
    58 | D        | Found a hide-covered altar of Uskayaw.
    58 | D        | Found an ancient bone altar of Kikubaaqudgha.
    58 | D        | Found a shattered altar of Ashenzari.
    64 | D        | Became a worshipper of the Wu Jian Council
   326 | D        | Reached * piety under Wu Jian
   326 | D        | Reached skill level 1 in Stealth
   326 | D        | Reached XP level 2. HP: 24/24 MP: 3/5
   583 | D        | Reached ** piety under Wu Jian
   590 | D        | Reached XP level 3. HP: 6/30 MP: 5/7
   600 | D        | Learned a level 3 spell: Spider Form
   977 | D        | Noticed a bullfrog
   978 | D        | Noticed a deep elf mage
   979 | D        | Noticed a water moccasin
   999 | D        | Killed a bullfrog
   999 | D        | Reached skill level 4 in Unarmed Combat
   999 | D        | Reached skill level 1 in Poison Magic
   999 | D        | Reached XP level 4. HP: 20/38 MP: 2/9
  1011 | D        | Killed a water moccasin
  1011 | D        | Reached *** piety under Wu Jian
  1011 | D        | Reached skill level 5 in Unarmed Combat
  1011 | D        | Reached skill level 5 in Transmutations
  1011 | D        | Reached XP level 5. HP: 35/46 MP: 3/12
  1013 | D        | Killed a deep elf mage
  1013 | D        | Reached skill level 5 in Fighting
  1013 | D        | Reached skill level 7 in Unarmed Combat
  1013 | D        | Reached XP level 6. HP: 42/56 MP: 3/15
  1013 | D        | Your scales start taking on a pale cyan-grey colour.
  1013 | D        | Reached XP level 7. HP: 45/61 MP: 3/16
  1026 | D        | Reached **** piety under Wu Jian
  1050 | D        | Learned a level 4 spell: Ice Form
  1056 | D        | Learned a level 5 spell: Blade Hands
  1328 | D        | Reached skill level 1 in Ice Magic
  1334 | D        | Reached ***** piety under Wu Jian
  1416 | D        | Noticed a demonic crawler
  1423 | D        | Killed a demonic crawler
  1423 | D        | Reached skill level 5 in Stealth
  1423 | D        | Reached skill level 8 in Unarmed Combat
  1423 | D        | Reached XP level 8. HP: 10/70 MP: 13/18
  1457 | D        | Gained mutation: Scrolls take you a little longer to read. [potion of mutation]
  1457 | D        | Gained mutation: You are resistant to hostile enchantments. (MR+) [potion of mutation]
  1457 | D        | Gained mutation: You are highly resistant to hostile enchantments. (MR++) [potion of mutation]
  1711 | D        | Noticed a swamp dragon
  1714 | D        | Noticed a swamp dragon
  1714 | D        | Noticed a polar bear
  1715 | D        | Killed a swamp dragon
  1715 | D        | Reached skill level 5 in Poison Magic
  1722 | D        | Killed a swamp dragon
  1722 | D        | Reached skill level 9 in Unarmed Combat
  1722 | D        | Reached XP level 9. HP: 37/79 MP: 15/21
  1733 | D        | Killed a polar bear
  1769 | D        | Noticed a tyrant leech
  1792 | D        | Killed a tyrant leech
  2098 | D        | Noticed an ice devil
  2106 | D        | Reached ****** piety under Wu Jian
  2106 | D        | Reached skill level 10 in Unarmed Combat
  2108 | D        | Reached XP level 10. HP: 52/90 MP: 20/23
  2110 | D        | Noticed Josephine
  2111 | D        | Reached skill level 10 in Transmutations
  2111 | D        | Reached skill level 5 in Ice Magic
  2115 | D        | Killed Josephine
  2118 | D        | Noticed a molten gargoyle
  2126 | D        | Reached skill level 10 in Fighting
  2126 | D        | Reached skill level 10 in Spellcasting
  2129 | D        | Reached skill level 10 in Dodging
  2129 | D        | Reached skill level 11 in Unarmed Combat
  2131 | D        | Killed a molten gargoyle
  2144 | D        | Reached XP level 11. HP: 38/101 MP: 19/25
  2376 | D        | Noticed an orc knight
  2386 | D        | Killed an orc knight
  2571 | D        | Noticed a nagaraja
  2574 | D        | Killed a nagaraja
  2574 | D        | Reached skill level 10 in Stealth
  2601 | D        | Noticed a death knight
  2605 | D        | Noticed a deep elf mage
  2609 | D        | Killed a death knight
  2609 | D        | Reached skill level 12 in Unarmed Combat
  2612 | D        | Killed a deep elf mage
  2619 | D        | HP: 5/103 [gnoll sergeant/spear of freezing (8)]
  2619 | D        | Slain by a hellwing

Vault maps used:
D:        pitsprint

Skill      XL: |  1  2  3  4  5  6  7  8  9 10 11 |
---------------+----------------------------------+-----
Dodging        | 2 3 4 6 7 8 9 10 11 | 11.0
Stealth        | 1 2 3 4 5 6 7 9 10 | 10.6
Fighting       | 2 3 5 7 8 10 11 | 11.6
Transmutations | 3 4 5 6 7 8 9 11 | 11.9
Spellcasting   | 3 4 6 7 8 9 10 11 | 11.2
Unarmed Combat | 4 5 7 8 9 10 11 12 | 12.1
Poison Magic   | 1 2 4 5 6 7 8 |  8.3
Ice Magic      | 2 3 4 6 7 |  7.2

Action                   |  1- 3 |  4- 6 |  7- 9 | 10-12 || total
-------------------------+-------+-------+-------+-------++-------
Melee: Unarmed           |    47 |    11 |   107 |    92 ||   257
       Kick              |     5 |       |       |       ||     5
       Headbutt          |     4 |     1 |     1 |       ||     6
       Tailslap          |     3 |     2 |    10 |     9 ||    24
       Punch             |       |       |     1 |     4 ||     5
 Cast: Beastly Appendage |     7 |       |     1 |       ||     8
       Spider Form       |     1 |       |       |       ||     1
       Blade Hands       |       |       |     6 |     5 ||    11
Invok: Heavenly Storm    |       |       |     2 |     2 ||     4
       Serpent's Lash    |       |       |     2 |     2 ||     4
 Abil: Breathe Steam     |       |       |     1 |     1 ||     2
  Use: Potion            |     1 |     3 |     4 |     3 ||    11
 Stab: Sleeping          |     1 |       |     4 |       ||     5
       Distracted        |       |       |       |     1 ||     1
  Eat: Chunk             |       |       |     7 |     3 ||    10
Armor: Skin              |     7 |     1 |    21 |     2 ||    31
Dodge: Dodged            |    29 |     5 |   100 |    53 ||   187
